Influenza vs Harfangs
(R2)
Created - 6 avril 2014 at 22:30
Goals
|
| Influenza |
1 |
5 |
0 |
6 |
| Harfangs |
0 |
1 |
2 |
3 |
|
Shots
|
| Influenza |
7 |
19 |
10 |
36 |
| Harfangs |
6 |
13 |
8 |
27 |
|
1st period
1. Influenza , Ryan Vesce 34 (Jaime Sifers) at 11:35
Penalties :
Ben Smith (VJB) for Interference (Minor) at 12:27, Janne Niskala (BEA) for High sticking (Minor) at 19:16
2nd period
2. Influenza , Jamie McBain 13 (Martins Karsums, Robbie Earl) at 1:02 (PP)
3. Influenza , Robbie Earl 23 (Jamie McBain, Martins Karsums) at 4:39 (PP)
4. Influenza , Ryan Russell 5 (Cody McCormick, Ben Smith) at 5:16
5. Harfangs , James Wisniewski 6 (Janne Niskala) at 17:29 (PP)
6. Influenza , Ryan Russell 6 (Ben Smith, Cody McCormick) at 18:18
7. Influenza , Ryan Carter 29 (Jaime Sifers, Jamie McBain) at 19:26 (PP)
Penalties :
Martins Karsums (VJB) for Roughing (Minor) at 1:15, Peter Olvecky (BEA) for Holding (Minor) at 1:19, Stefan Ruzicka (BEA) for Roughing (Minor) at 4:29, Colin McDonald (VJB) for Hooking (Minor) at 6:35, Sasha Pokulok (BEA) for Fighting (Major) at 10:36, Jamie McBain (VJB) for Fighting (Major) at 10:36, Sasha Pokulok (BEA) for instigated a fight (Minor) at 10:36, Sasha Pokulok (BEA) for instigated a fight (10 Minutes Misconduct) at 10:36, Peter Olvecky (BEA) for Holding (Minor) at 13:55, Colin McDonald (VJB) for Roughing (Minor) at 16:39, Luca Caputi (BEA) for Tripping (Minor) at 19:20
3rd period
8. Harfangs , Matt Keith 17 (Petri Kontiola) at 7:40 (PP)
9. Harfangs , Stefan Ruzicka 50 (Janne Niskala) at 18:46
Penalties :
Pierre-Cédric Labrie (VJB) for Holding (Minor) at 0:49, Ryan Carter (VJB) for Holding (Minor) at 5:10, Jeff Petry (VJB) for Interference (Minor) at 7:38, Matt Keith (BEA) for Fighting (Major) at 8:13, Jeff Halpern (VJB) for Fighting (Major) at 8:13, Ryan Carter (VJB) for Holding (Minor) at 12:58, Luca Caputi (BEA) for Interference (Minor) at 16:18, Ryan Vesce (VJB) for Tripping (Minor) at 16:43
Goalie Stats
Brent Krahn (VJB), 24 saves from 27 shots - (0,889), W, 27-18-7, 60:00 minutes
Jeremy Duchesne (BEA), 19 saves from 21 shots - (0,905), 34:44 minutes
Marek Schwarz (BEA), 11 saves from 15 shots - (0,733), L, 7-11-1, 25:16 minutes
Players Stats for Influenza
Player Name G A P +/- PIM S H SB GA TA FO MP PP MP PK MP
------------------------------------------------------------------------------------
Alexander Sulzer 0 0 0 1 0 2 1 1 0 0 0/0 18:53 1:53 4:40
Ben Smith 0 2 2 2 2 1 2 0 0 0 0/0 10:30 0:11 0:08
Brian Salcido 0 0 0 1 0 0 1 0 0 0 0/0 18:07 1:46 4:40
Cody McCormick 0 2 2 2 0 2 0 0 0 0 4/4 13:28 0:07 2:01
Colin McDonald 0 0 0 0 4 0 0 0 0 0 0/0 6:06 0:00 0:00
Corey Tropp 0 0 0 0 0 0 0 0 0 0 0/0 0:00 0:00 0:00
Jaime Sifers 0 2 2 0 0 3 1 2 2 1 0/0 27:19 4:36 6:36
Jamie McBain 1 2 3 0 5 3 2 2 0 1 0/0 25:10 2:16 6:36
Jeff Halpern 0 0 0 1 5 2 0 0 0 1 4/8 18:54 2:40 5:33
Jeff May 0 0 0 0 0 0 0 0 0 0 0/0 4:17 0:00 0:00
Jeff Petry 0 0 0 1 2 1 0 0 0 0 0/0 12:24 2:27 0:00
Jimmy Bonneau 0 0 0 0 0 0 2 0 0 0 0/0 8:44 0:00 2:37
Juraj Mikus 0 0 0 0 0 0 0 0 0 0 0/0 0:11 0:00 0:11
Marek Zagrapan 0 0 0 -1 0 0 0 0 0 0 3/3 10:38 0:04 3:20
Martins Karsums 0 2 2 -1 2 5 5 0 1 0 3/3 19:48 3:42 2:33
Oskars Bartulis 0 0 0 0 0 0 0 0 0 0 0/0 4:17 0:00 0:00
Paul Szczechura 0 0 0 0 0 0 0 0 0 0 0/0 0:00 0:00 0:00
Pierre-Cédric Labrie 0 0 0 1 2 1 1 0 1 0 1/2 12:50 2:40 0:00
Robbie Earl 1 1 2 0 0 2 3 1 1 0 0/1 17:13 3:45 0:37
Ryan Carter 1 0 1 0 4 5 2 0 1 1 27/46 22:08 3:38 3:48
Ryan Russell 2 0 2 2 0 3 1 0 0 0 0/0 9:21 0:00 0:00
Ryan Vesce 1 0 1 0 2 6 1 1 0 0 0/0 15:47 2:39 2:16
T.J Brodie 0 0 0 0 0 0 0 0 0 0 0/0 0:00 0:00 0:00
Timothy Kunes 0 0 0 1 0 0 1 0 0 1 0/0 9:31 0:00 0:00
Zac Dalpe 0 0 0 0 0 0 0 0 0 0 0/0 0:00 0:00 0:00
Players Stats for Harfangs
Player Name G A P +/- PIM S H SB GA TA FO MP PP MP PK MP
------------------------------------------------------------------------------------
Alex Killorn 0 0 0 0 0 1 1 0 0 0 2/4 8:51 0:00 1:20
Alex Plante 0 0 0 0 0 0 0 0 0 0 0/0 0:00 0:00 0:00
Alexandre Picard 0 0 0 -1 0 0 0 3 1 1 0/0 19:58 4:23 2:44
Andrew Orpik 0 0 0 -1 0 0 1 0 0 0 0/0 8:21 0:00 0:00
Angelo Esposito 0 0 0 0 0 0 0 0 0 0 0/0 0:00 0:00 0:00
Ben Blood 0 0 0 0 0 0 0 0 0 0 0/0 0:00 0:00 0:00
Boyd Gordon 0 0 0 -1 0 3 1 1 1 0 15/43 27:59 6:05 4:26
Brett Carson 0 0 0 0 0 0 0 2 0 1 0/0 11:00 0:00 3:14
Brian Lashoff 0 0 0 0 0 0 0 0 0 0 0/0 0:00 0:00 0:00
Dustin Jeffrey 0 0 0 0 0 0 3 0 0 0 0/0 16:58 5:08 0:33
James Wisniewski 1 0 1 -1 0 4 3 2 0 1 0/0 28:09 6:53 3:26
Janne Niskala 0 2 2 -1 2 6 0 2 0 1 0/0 26:58 6:53 2:16
Luca Caputi 0 0 0 0 4 0 0 0 0 0 0/0 10:02 0:25 0:00
Matt Keith 1 0 1 0 5 2 3 0 0 0 1/1 14:28 5:08 0:00
Michal Repik 0 0 0 0 0 2 0 0 0 0 0/0 6:16 0:00 0:00
Nick Holden 0 0 0 0 0 0 0 0 0 0 0/0 4:03 0:00 0:00
Peter Olvecky 0 0 0 -2 4 0 3 3 1 0 1/2 19:28 5:28 1:00
Petri Kontiola 0 1 1 0 0 1 2 0 2 1 4/12 18:52 5:08 1:23
Roman Wick 0 0 0 -1 0 1 5 0 0 0 0/0 12:09 0:17 0:00
Sasha Pokulok 0 0 0 0 17 1 1 0 0 1 0/0 16:26 4:23 0:40
Stefan Ruzicka 1 0 1 -1 2 4 2 1 0 0 1/1 23:50 5:56 4:16
Stephane Da Costa 0 0 0 -1 0 2 1 0 0 0 1/4 11:03 0:12 0:00
Victor Bartley 0 0 0 0 0 0 0 0 0 0 0/0 5:03 0:00 0:38
3 Stars
1 - Ryan Russell (VJB)
2 - Robbie Earl (VJB)
3 - Cody McCormick (VJB)
Power Play
Influenza - 3 on 7 Attempt(s) - 42,86%
Harfangs - 2 on 9 Attempt(s) - 22,22%
Penalty Kill
Influenza - 7 on 9 Attempt(s) - 77,78%
- Score 0 goal in Penalty Kill
Harfangs - 4 on 7 Attempt(s) - 57,14%
- Score 0 goal in Penalty Kill
Official
Referees : L'Ecuyer Frederick and Pollock Kevin
Linesman : Jay Sharrers and Mark Wheler
Game Notes
Jeremy Duchesne enters game at 5:16 of 2nd period
Sasha Pokulok and Jamie McBain fight to a draw at 10:36 of 2nd period
Jeff Halpern beats up Matt Keith at 8:13 of 3rd period
Finance
Level 1 -- Attendance: 1464 (73,20%) -- Ticket Income 43 920 $
Level 2 -- Attendance: 840 (84,00%) -- Ticket Income 12 600 $
Total Attendance: 2304 (76,80%)
Total Ticket Income: 56 520 $
Other Income: 2 826 $
Total Income: 59 346 $
Influenza
5 vs 5 Forward
Center Left Wing Right Wing Time % Phy DF OF
1 Ryan Carter Robbie Earl Martins Karsums 40 1 2 2
2 Jeff Halpern Pierre-Cédric Labrie Ryan Vesce 30 1 2 2
3 Cody McCormick Ryan Russell Ben Smith 20 1 2 2
4 Marek Zagrapan Jimmy Bonneau Colin McDonald 10 1 2 2
5 vs 5 Defense
Defense Defense Time % Phy DF OF
1 Jaime Sifers Jamie McBain 40 1 2 2
2 Alexander Sulzer Brian Salcido 30 1 2 2
3 Jeff Petry Timothy Kunes 20 1 2 2
4 Oskars Bartulis Jeff May 10 1 2 2
PowerPlay Forward
Center Left Wing Right Wing Time % Phy DF OF
1 Ryan Carter Robbie Earl Martins Karsums 60 1 2 2
2 Jeff Halpern Pierre-Cédric Labrie Ryan Vesce 40 1 2 2
PowerPlay Defense
Defense Defense Time % Phy DF OF
1 Jaime Sifers Jamie McBain 60 1 2 2
2 Alexander Sulzer Brian Salcido 40 1 2 2
Penalty Kill 4 Players Forward
Center Wing Time % Phy DF OF
1 Ryan Carter Jeff Halpern 60 1 2 2
2 Martins Karsums Ryan Vesce 40 1 2 2
Penalty Kill 4 Players Defense
Defense Defense Time % Phy DF OF
1 Jaime Sifers Jamie McBain 60 1 2 2
2 Alexander Sulzer Brian Salcido 40 1 2 2
Penalty Kill - 3 Players Forward
Forward Time % Phy DF OF
1 Ryan Carter 60 1 2 2
2 Jeff Halpern 40 1 2 2
Penalty Kill - 3 Players Defense
Defense Defense Time % Phy DF OF
1 Jaime Sifers Jamie McBain 60 1 2 2
2 Alexander Sulzer Brian Salcido 40 1 2 2
4 vs 4 Forward
Center Wing Time % Phy DF OF
1 Ryan Carter Jeff Halpern 60 1 2 2
2 Martins Karsums Ryan Vesce 40 1 2 2
4 vs 4 Defense
Defense Defense Time % Phy DF OF
1 Jaime Sifers Jamie McBain 60 1 2 2
2 Alexander Sulzer Brian Salcido 40 1 2 2
Last Minutes Offensive
Center Left Wing Right Wing Defense Defense
Ryan Carter Robbie Earl Martins Karsums Jaime Sifers Jamie McBain
Last Minutes Defensive
Center Left Wing Right Wing Defense Defense
Ryan Carter Robbie Earl Martins Karsums Jaime Sifers Jamie McBain
Goaltenders
Starting : Brent Krahn
Backup : Alex Stalock
Extra Forwards
Normal : Cody McCormick, Ben Smith, Marek Zagrapan - PP : Cody McCormick, Ben Smith - PK : Marek Zagrapan
Extra Defensemen
Normal : Jeff Petry, Timothy Kunes, Oskars Bartulis - PP : Jeff Petry - PK : Timothy Kunes, Oskars Bartulis
Penalty Shots
Ryan Carter, Jeff Halpern, Martins Karsums, Ryan Vesce, Robbie Earl
Harfangs
5 vs 5 Forward
Center Left Wing Right Wing Time % Phy DF OF
1 Boyd Gordon Peter Olvecky Stefan Ruzicka 40 1 2 2
2 Petri Kontiola Dustin Jeffrey Matt Keith 30 1 2 2
3 Stephane Da Costa Luca Caputi Roman Wick 20 1 2 2
4 Alex Killorn Boyd Gordon Michal Repik 10 1 2 2
5 vs 5 Defense
Defense Defense Time % Phy DF OF
1 James Wisniewski Janne Niskala 40 1 2 2
2 Alexandre Picard Sasha Pokulok 30 1 2 2
3 Andrew Orpik Brett Carson 20 1 2 2
4 Victor Bartley Nick Holden 10 1 2 2
PowerPlay Forward
Center Left Wing Right Wing Time % Phy DF OF
1 Boyd Gordon Peter Olvecky Stefan Ruzicka 60 1 2 2
2 Petri Kontiola Dustin Jeffrey Matt Keith 40 1 2 2
PowerPlay Defense
Defense Defense Time % Phy DF OF
1 James Wisniewski Janne Niskala 60 1 2 2
2 Alexandre Picard Sasha Pokulok 40 1 2 2
Penalty Kill 4 Players Forward
Center Wing Time % Phy DF OF
1 Boyd Gordon Stefan Ruzicka 60 1 2 2
2 Petri Kontiola Peter Olvecky 40 1 2 2
Penalty Kill 4 Players Defense
Defense Defense Time % Phy DF OF
1 James Wisniewski Janne Niskala 60 1 2 2
2 Alexandre Picard Sasha Pokulok 40 1 2 2
Penalty Kill - 3 Players Forward
Forward Time % Phy DF OF
1 Boyd Gordon 60 1 2 2
2 Stefan Ruzicka 40 1 2 2
Penalty Kill - 3 Players Defense
Defense Defense Time % Phy DF OF
1 James Wisniewski Janne Niskala 60 1 2 2
2 Alexandre Picard Sasha Pokulok 40 1 2 2
4 vs 4 Forward
Center Wing Time % Phy DF OF
1 Boyd Gordon Stefan Ruzicka 60 1 2 2
2 Petri Kontiola Peter Olvecky 40 1 2 2
4 vs 4 Defense
Defense Defense Time % Phy DF OF
1 James Wisniewski Janne Niskala 60 1 2 2
2 Alexandre Picard Sasha Pokulok 40 1 2 2
Last Minutes Offensive
Center Left Wing Right Wing Defense Defense
Boyd Gordon Peter Olvecky Stefan Ruzicka James Wisniewski Janne Niskala
Last Minutes Defensive
Center Left Wing Right Wing Defense Defense
Boyd Gordon Peter Olvecky Stefan Ruzicka James Wisniewski Janne Niskala
Goaltenders
Starting : Marek Schwarz
Backup : Jeremy Duchesne
Extra Forwards
Normal : Roman Wick, Stephane Da Costa, Alex Killorn - PP : Roman Wick, Stephane Da Costa - PK : Alex Killorn
Extra Defensemen
Normal : Andrew Orpik, Brett Carson, Victor Bartley - PP : Andrew Orpik - PK : Brett Carson, Victor Bartley
Penalty Shots
Boyd Gordon, Stefan Ruzicka, Petri Kontiola, Peter Olvecky, Matt Keith
% Time on Ice - Influenza
Lines # - Real PCT - Wanted PCT - Time Play
Normal Forward
1 - 34% - 40% - 13:02
2 - 26% - 30% - 10:16
3 - 24% - 20% - 9:21
4 - 16% - 10% - 6:07
Normal Defense
1 - 38% - 40% - 14:51
2 - 26% - 30% - 10:07
3 - 25% - 20% - 9:31
4 - 11% - 10% - 4:17
PP Forward
1 - 59% - 60% - 3:49
2 - 41% - 40% - 2:40
PP Defense
1 - 73% - 60% - 4:43
2 - 27% - 40% - 1:46
PK Forward
1 - 77% - 60% - 8:43
2 - 23% - 40% - 2:33
PK Defense
1 - 59% - 60% - 6:36
2 - 41% - 40% - 4:40
PK3 Forward
1 - 0% - 60%
2 - 0% - 40%
PK3 Defense
1 - 0% - 60%
2 - 0% - 40%
44 Forward
1 - 68% - 60% - 2:23
2 - 32% - 40% - 1:06
44 Defense
1 - 55% - 60% - 1:55
2 - 45% - 40% - 1:34
Last Minute Offensive - 0:00
Last Minute Defensive - 0:00
Total
Forward - 60:00
Defense - 60:00
|
% Time on Ice - Harfangs
Lines # - Real PCT - Wanted PCT - Time Play
Normal Forward
1 - 30% - 40% - 11:39
2 - 29% - 30% - 11:16
3 - 25% - 20% - 9:35
4 - 16% - 10% - 6:16
Normal Defense
1 - 40% - 40% - 15:42
2 - 31% - 30% - 11:52
3 - 18% - 20% - 7:09
4 - 10% - 10% - 4:03
PP Forward
1 - 54% - 60% - 6:08
2 - 46% - 40% - 5:08
PP Defense
1 - 61% - 60% - 6:53
2 - 39% - 40% - 4:23
PK Forward
1 - 79% - 60% - 5:06
2 - 21% - 40% - 1:23
PK Defense
1 - 53% - 60% - 3:26
2 - 47% - 40% - 3:03
PK3 Forward
1 - 0% - 60%
2 - 0% - 40%
PK3 Defense
1 - 0% - 60%
2 - 0% - 40%
44 Forward
1 - 69% - 60% - 2:24
2 - 31% - 40% - 1:05
44 Defense
1 - 61% - 60% - 2:08
2 - 39% - 40% - 1:21
Last Minute Offensive - 0:00
Last Minute Defensive - 0:00
Total
Forward - 60:00
Defense - 60:00
|
Play by Play
1st period
0:01 of 1st period - Ryan Carter wins face-off versus Boyd Gordon in neutral zone.
0:06 of 1st period - Wrist shot by Martins Karsums.
0:06 of 1st period - Stopped by Marek Schwarz without a rebound.
0:07 of 1st period - Boyd Gordon wins face-off versus Ryan Carter in Harfangs zone.
1:40 of 1st period - Snap shot by Martins Karsums.
1:40 of 1st period - Stopped by Marek Schwarz with a rebound.
1:42 of 1st period - Snap shot by Robbie Earl.
1:42 of 1st period - Shot Misses the Net.
1:44 of 1st period - Slapshot by Brian Salcido.
1:44 of 1st period - Shot Misses the Net.
2:15 of 1st period - Icing by Sasha Pokulok.
2:16 of 1st period - Cody McCormick wins face-off versus Stephane Da Costa in Harfangs zone.
2:46 of 1st period - Snap shot by Stephane Da Costa.
2:46 of 1st period - Shot Misses the Net.
3:04 of 1st period - Snap shot by Petri Kontiola.
3:04 of 1st period - Shot Misses the Net.
3:06 of 1st period - Slapshot by Alexandre Picard.
3:06 of 1st period - Shot Blocked by Jamie McBain.
3:08 of 1st period - Snap shot by Sasha Pokulok.
3:08 of 1st period - Deflect By Jamie McBain.
3:08 of 1st period - Stopped by Brent Krahn with a rebound.
3:10 of 1st period - Wrist shot by Stefan Ruzicka.
3:10 of 1st period - Stopped by Brent Krahn with a rebound.
3:48 of 1st period - Cody McCormick is hit by Stephane Da Costa and loses puck.
3:55 of 1st period - Brett Carson is hit by Timothy Kunes and loses puck.
4:08 of 1st period - Wrist shot by Petri Kontiola.
4:08 of 1st period - Shot Misses the Net.
4:10 of 1st period - Snap shot by Brett Carson.
4:10 of 1st period - Shot Misses the Net.
4:12 of 1st period - Snap shot by Matt Keith.
4:12 of 1st period - Shot Misses the Net.
4:32 of 1st period - Snap shot by Ryan Vesce.
4:32 of 1st period - Stopped by Marek Schwarz with a rebound.
7:41 of 1st period - Marek Zagrapan is hit by Stefan Ruzicka and loses puck.
7:54 of 1st period - Wrist shot by Martins Karsums.
7:54 of 1st period - Shot Misses the Net.
8:50 of 1st period - Slapshot by Stefan Ruzicka.
8:50 of 1st period - Deflect By Alexander Sulzer.
8:50 of 1st period - Stopped by Brent Krahn with a rebound.
9:10 of 1st period - Slapshot by Marek Zagrapan.
9:10 of 1st period - Shot Misses the Net.
9:24 of 1st period - Sasha Pokulok is hit by Ben Smith and loses puck.
10:22 of 1st period - Ben Smith is hit by Alex Killorn and loses puck.
10:44 of 1st period - Snap shot by Marek Zagrapan.
10:44 of 1st period - Shot Blocked by Peter Olvecky.
10:58 of 1st period - Wrist shot by Ryan Vesce.
10:58 of 1st period - Stopped by Marek Schwarz without a rebound.
10:59 of 1st period - Ryan Carter wins face-off versus Alex Killorn in Harfangs zone.
11:00 of 1st period - Wrist shot by Martins Karsums.
11:00 of 1st period - Shot Misses the Net.
11:02 of 1st period - Wrist shot by Robbie Earl.
11:02 of 1st period - Stopped by Marek Schwarz without a rebound.
11:03 of 1st period - Alex Killorn wins face-off versus Ryan Carter in Harfangs zone.
11:03 of 1st period - Alex Killorn is hit by Martins Karsums.
11:11 of 1st period - Slapshot by Janne Niskala.
11:11 of 1st period - Deflect By Boyd Gordon.
11:11 of 1st period - Stopped by Brent Krahn with a rebound.
11:20 of 1st period - Off-side.
11:21 of 1st period - Boyd Gordon wins face-off versus Jeff Halpern in neutral zone.
11:35 of 1st period - Snap shot by Ryan Vesce.
11:35 of 1st period - Goal by Ryan Vesce - Influenza : 1 - Harfangs : 0.
11:36 of 1st period - Martins Karsums wins face-off versus Boyd Gordon in neutral zone.
12:27 of 1st period - Minor Penalty to Ben Smith for Interference.
12:28 of 1st period - Boyd Gordon wins face-off versus Ryan Carter in Influenza zone.
12:36 of 1st period - Wrist shot by Boyd Gordon.
12:36 of 1st period - Shot Misses the Net.
12:54 of 1st period - Ryan Carter is hit by Matt Keith and loses puck.
14:11 of 1st period - Petri Kontiola is hit by Martins Karsums and loses puck.
14:27 of 1st period - Penalty to Ben Smith is over, Ben Smith is back on ice.
15:29 of 1st period - Petri Kontiola is hit by Ryan Russell and loses puck.
15:44 of 1st period - Wrist shot by Ryan Carter.
15:44 of 1st period - Shot Misses the Net.
16:09 of 1st period - Snap shot by Alexander Sulzer.
16:09 of 1st period - Deflect By Victor Bartley.
16:09 of 1st period - Stopped by Marek Schwarz without a rebound.
16:10 of 1st period - Boyd Gordon wins face-off versus Jeff Halpern in Harfangs zone.
16:57 of 1st period - Roman Wick is hit by Robbie Earl.
17:11 of 1st period - Snap shot by Stefan Ruzicka.
17:11 of 1st period - Shot Misses the Net.
17:53 of 1st period - Snap shot by Petri Kontiola.
17:53 of 1st period - Stopped by Brent Krahn without a rebound.
17:54 of 1st period - Ryan Carter wins face-off versus Petri Kontiola in Influenza zone.
17:54 of 1st period - Ryan Carter is hit by Matt Keith.
18:56 of 1st period - Snap shot by Matt Keith.
18:56 of 1st period - Stopped by Brent Krahn without a rebound.
18:57 of 1st period - Cody McCormick wins face-off versus Boyd Gordon in Influenza zone.
19:10 of 1st period - Snap shot by Ben Smith.
19:10 of 1st period - Shot Misses the Net.
19:12 of 1st period - Wrist shot by Cody McCormick.
19:12 of 1st period - Deflect By Janne Niskala.
19:12 of 1st period - Shot Blocked by James Wisniewski.
19:12 of 1st period - Puck is out of play.
19:13 of 1st period - Matt Keith wins face-off versus Ryan Carter in Harfangs zone.
19:13 of 1st period - Matt Keith is hit by Robbie Earl.
19:16 of 1st period - Minor Penalty to Janne Niskala for High sticking.
19:17 of 1st period - Boyd Gordon wins face-off versus Ryan Carter in Harfangs zone.
19:17 of 1st period - Boyd Gordon is hit by Ryan Carter.
19:32 of 1st period - James Wisniewski is hit by Martins Karsums and loses puck.
19:50 of 1st period - Icing by Ryan Vesce.
19:51 of 1st period - Boyd Gordon wins face-off versus Jeff Halpern in Influenza zone.
Goals for this period are 1 for Influenza vs 0 for Harfangs.
Shots for this period are 7 for Influenza vs 6 for Harfangs.
2nd period
0:01 of 2nd period - Martins Karsums wins face-off versus Boyd Gordon in neutral zone.
0:03 of 2nd period - Off-side.
0:04 of 2nd period - Ryan Carter wins face-off versus Boyd Gordon in neutral zone.
0:33 of 2nd period - Slapshot by Jamie McBain.
0:33 of 2nd period - Stopped by Marek Schwarz with a rebound.
0:35 of 2nd period - Backhand shot by Jeff Halpern.
0:35 of 2nd period - Stopped by Marek Schwarz without a rebound.
0:36 of 2nd period - Jeff Halpern wins face-off versus Boyd Gordon in Harfangs zone.
0:55 of 2nd period - Peter Olvecky is hit by Alexander Sulzer and loses puck.
1:02 of 2nd period - Slapshot by Jamie McBain.
1:02 of 2nd period - Goal by Jamie McBain - Influenza : 2 - Harfangs : 0.
1:03 of 2nd period - Peter Olvecky wins face-off versus Robbie Earl in neutral zone.
1:10 of 2nd period - Slapshot by Janne Niskala.
1:10 of 2nd period - Stopped by Brent Krahn with a rebound.
1:12 of 2nd period - Snap shot by James Wisniewski.
1:12 of 2nd period - Stopped by Brent Krahn without a rebound.
1:13 of 2nd period - Ryan Carter wins face-off versus Boyd Gordon in Influenza zone.
1:15 of 2nd period - Minor Penalty to Martins Karsums for Roughing.
1:16 of 2nd period - Boyd Gordon wins face-off versus Ryan Carter in Influenza zone.
1:19 of 2nd period - Minor Penalty to Peter Olvecky for Holding.
1:20 of 2nd period - Ryan Carter wins face-off versus Boyd Gordon in Harfangs zone.
1:26 of 2nd period - Snap shot by Ryan Carter.
1:26 of 2nd period - Shot Misses the Net.
1:28 of 2nd period - Wrist shot by Ryan Carter.
1:28 of 2nd period - Shot Misses the Net.
1:30 of 2nd period - Slapshot by Jeff Halpern.
1:30 of 2nd period - Stopped by Marek Schwarz with a rebound.
1:32 of 2nd period - Wrist shot by Jaime Sifers.
1:32 of 2nd period - Stopped by Marek Schwarz with a rebound.
2:04 of 2nd period - Slapshot by Janne Niskala.
2:04 of 2nd period - Shot Misses the Net.
2:06 of 2nd period - Wrist shot by Roman Wick.
2:06 of 2nd period - Shot Misses the Net.
2:08 of 2nd period - Slapshot by Janne Niskala.
2:08 of 2nd period - Deflect By Jamie McBain.
2:08 of 2nd period - Stopped by Brent Krahn with a rebound.
2:30 of 2nd period - Alexandre Picard is hit by Ben Smith and loses puck.
2:53 of 2nd period - Alexander Sulzer is hit by Petri Kontiola and loses puck.
3:12 of 2nd period - Jaime Sifers is hit by Dustin Jeffrey and loses puck.
3:15 of 2nd period - Penalty to Martins Karsums is over, Martins Karsums is back on ice.
3:19 of 2nd period - Penalty to Peter Olvecky is over, Peter Olvecky is back on ice.
3:19 of 2nd period - Wrist shot by Alex Killorn.
3:19 of 2nd period - Deflect By Peter Olvecky.
3:19 of 2nd period - Shot Misses the Net.
3:19 of 2nd period - Puck is out of play.
3:20 of 2nd period - Marek Zagrapan wins face-off versus Stephane Da Costa in Influenza zone.
3:35 of 2nd period - Wrist shot by Luca Caputi.
3:35 of 2nd period - Deflect By Roman Wick.
3:35 of 2nd period - Stopped by Brent Krahn without a rebound.
3:36 of 2nd period - Ryan Carter wins face-off versus Boyd Gordon in Influenza zone.
3:41 of 2nd period - Stefan Ruzicka is hit by Brian Salcido and loses puck.
4:07 of 2nd period - Snap shot by Ryan Vesce.
4:07 of 2nd period - Stopped by Marek Schwarz without a rebound.
4:08 of 2nd period - Ryan Carter wins face-off versus Boyd Gordon in Harfangs zone.
4:13 of 2nd period - Slapshot by Jamie McBain.
4:13 of 2nd period - Shot Blocked by Peter Olvecky.
4:19 of 2nd period - Slapshot by Janne Niskala.
4:19 of 2nd period - Stopped by Brent Krahn with a rebound.
4:21 of 2nd period - Slapshot by Janne Niskala.
4:21 of 2nd period - Stopped by Brent Krahn without a rebound.
4:22 of 2nd period - Jeff Halpern wins face-off versus Boyd Gordon in Influenza zone.
4:22 of 2nd period - Jeff Halpern is hit by Peter Olvecky.
4:29 of 2nd period - Minor Penalty to Stefan Ruzicka for Roughing.
4:30 of 2nd period - Ryan Carter wins face-off versus Boyd Gordon in Harfangs zone.
4:37 of 2nd period - Snap shot by Jamie McBain.
4:37 of 2nd period - Shot Blocked by Janne Niskala.
4:39 of 2nd period - Snap shot by Robbie Earl.
4:39 of 2nd period - Goal by Robbie Earl - Influenza : 3 - Harfangs : 0.
4:40 of 2nd period - Ryan Carter wins face-off versus Boyd Gordon in neutral zone.
5:16 of 2nd period - Snap shot by Ryan Russell.
5:16 of 2nd period - Goal by Ryan Russell - Influenza : 4 - Harfangs : 0.
5:16 of 2nd period - Jeremy Duchesne enters game.
5:17 of 2nd period - Ryan Carter wins face-off versus Petri Kontiola in neutral zone.
6:04 of 2nd period - Cody McCormick is hit by Roman Wick and loses puck.
6:35 of 2nd period - Minor Penalty to Colin McDonald for Hooking.
6:36 of 2nd period - Ryan Carter wins face-off versus Boyd Gordon in Influenza zone.
7:07 of 2nd period - Jeff Halpern is hit by Matt Keith and loses puck.
7:39 of 2nd period - Icing by Boyd Gordon.
7:40 of 2nd period - Ryan Carter wins face-off versus Boyd Gordon in Harfangs zone.
8:21 of 2nd period - Jamie McBain is hit by Boyd Gordon and loses puck.
8:35 of 2nd period - Penalty to Colin McDonald is over, Colin McDonald is back on ice.
9:31 of 2nd period - Off-side.
9:32 of 2nd period - Ryan Carter wins face-off versus Alex Killorn in neutral zone.
9:51 of 2nd period - Slapshot by Ryan Russell.
9:51 of 2nd period - Shot Misses the Net.
9:53 of 2nd period - Slapshot by Jaime Sifers.
9:53 of 2nd period - Shot Blocked by Alexandre Picard.
9:55 of 2nd period - Slapshot by Jaime Sifers.
9:55 of 2nd period - Stopped by Jeremy Duchesne with a rebound.
9:57 of 2nd period - Slapshot by Alexander Sulzer.
9:57 of 2nd period - Stopped by Jeremy Duchesne with a rebound.
9:59 of 2nd period - Wrist shot by Cody McCormick.
9:59 of 2nd period - Stopped by Jeremy Duchesne without a rebound.
10:00 of 2nd period - Jeff Halpern wins face-off versus Petri Kontiola in Harfangs zone.
10:05 of 2nd period - Slapshot by Ryan Vesce.
10:05 of 2nd period - Stopped by Jeremy Duchesne without a rebound.
10:06 of 2nd period - Pierre-Cédric Labrie wins face-off versus Petri Kontiola in Harfangs zone.
10:07 of 2nd period - Wrist shot by Ryan Vesce.
10:07 of 2nd period - Shot Misses the Net.
10:19 of 2nd period - Slapshot by Dustin Jeffrey.
10:19 of 2nd period - Shot Blocked by Ryan Vesce.
10:21 of 2nd period - Slapshot by James Wisniewski.
10:21 of 2nd period - Stopped by Brent Krahn without a rebound.
10:22 of 2nd period - Boyd Gordon wins face-off versus Ryan Carter in Influenza zone.
10:23 of 2nd period - Snap shot by Stefan Ruzicka.
10:23 of 2nd period - Stopped by Brent Krahn with a rebound.
10:25 of 2nd period - Slapshot by James Wisniewski.
10:25 of 2nd period - Shot Blocked by Robbie Earl.
10:27 of 2nd period - Wrist shot by Peter Olvecky.
10:27 of 2nd period - Shot Misses the Net.
10:35 of 2nd period - Slapshot by Janne Niskala.
10:35 of 2nd period - Stopped by Brent Krahn without a rebound.
10:36 of 2nd period - Ryan Carter wins face-off versus Boyd Gordon in Influenza zone.
10:36 of 2nd period - Sasha Pokulok and Jamie McBain fight to a draw.
10:36 of 2nd period - Penalty to Sasha Pokulok for Fighting.
10:36 of 2nd period - Penalty to Jamie McBain for Fighting.
10:36 of 2nd period - Penalty to Sasha Pokulok for instigated a fight.
10:36 of 2nd period - Penalty to Sasha Pokulok for instigated a fight.
10:37 of 2nd period - Ryan Carter wins face-off versus Boyd Gordon in Influenza zone.
10:44 of 2nd period - Slapshot by Jaime Sifers.
10:44 of 2nd period - Shot Misses the Net.
10:46 of 2nd period - Backhand shot by Robbie Earl.
10:46 of 2nd period - Shot Blocked by Boyd Gordon.
10:48 of 2nd period - Wrist shot by Ryan Carter.
10:48 of 2nd period - Deflect By Robbie Earl.
10:48 of 2nd period - Shot Misses the Net.
10:48 of 2nd period - Puck is out of play.
10:49 of 2nd period - Ryan Carter wins face-off versus Boyd Gordon in Harfangs zone.
10:50 of 2nd period - Wrist shot by Martins Karsums.
10:50 of 2nd period - Shot Blocked by James Wisniewski.
10:52 of 2nd period - Slapshot by Jeff Petry.
10:52 of 2nd period - Shot Misses the Net.
10:58 of 2nd period - Backhand shot by Ryan Carter.
10:58 of 2nd period - Stopped by Jeremy Duchesne with a rebound.
11:00 of 2nd period - Wrist shot by Martins Karsums.
11:00 of 2nd period - Shot Blocked by Janne Niskala.
11:02 of 2nd period - Snap shot by Martins Karsums.
11:02 of 2nd period - Stopped by Jeremy Duchesne with a rebound.
12:10 of 2nd period - Snap shot by Ryan Carter.
12:10 of 2nd period - Shot Blocked by Peter Olvecky.
12:12 of 2nd period - Slapshot by Ryan Carter.
12:12 of 2nd period - Stopped by Jeremy Duchesne without a rebound.
12:13 of 2nd period - Alex Killorn wins face-off versus Ryan Carter in Harfangs zone.
12:36 of 2nd period - Penalty to Sasha Pokulok is over, Alex Killorn is send on ice.
12:46 of 2nd period - Slapshot by Petri Kontiola.
12:46 of 2nd period - Shot Blocked by Alexander Sulzer.
12:50 of 2nd period - Slapshot by Alex Killorn.
12:50 of 2nd period - Stopped by Brent Krahn without a rebound.
12:51 of 2nd period - Cody McCormick wins face-off versus Petri Kontiola in Influenza zone.
12:51 of 2nd period - Cody McCormick is hit by James Wisniewski.
13:16 of 2nd period - Janne Niskala is hit by Robbie Earl and loses puck.
13:55 of 2nd period - Minor Penalty to Peter Olvecky for Holding.
13:56 of 2nd period - Boyd Gordon wins face-off versus Ryan Carter in Harfangs zone.
15:03 of 2nd period - Brian Salcido is hit by Petri Kontiola and loses puck.
15:22 of 2nd period - Jaime Sifers is hit by Dustin Jeffrey and loses puck.
15:36 of 2nd period - Penalty to Sasha Pokulok is over, Matt Keith is send on ice.
15:55 of 2nd period - Penalty to Peter Olvecky is over, Peter Olvecky is back on ice.
16:05 of 2nd period - Alexander Sulzer is hit by Roman Wick and loses puck.
16:39 of 2nd period - Minor Penalty to Colin McDonald for Roughing.
16:40 of 2nd period - Boyd Gordon wins face-off versus Ryan Carter in Influenza zone.
17:16 of 2nd period - James Wisniewski is hit by Martins Karsums and loses puck.
17:29 of 2nd period - Slapshot by James Wisniewski.
17:29 of 2nd period - Goal by James Wisniewski - Influenza : 4 - Harfangs : 1.
17:30 of 2nd period - Ryan Carter wins face-off versus Peter Olvecky in neutral zone.
17:33 of 2nd period - Boyd Gordon is hit by Ryan Carter.
18:14 of 2nd period - Snap shot by Cody McCormick.
18:14 of 2nd period - Shot Misses the Net.
18:16 of 2nd period - Wrist shot by Ben Smith.
18:16 of 2nd period - Stopped by Jeremy Duchesne with a rebound.
18:18 of 2nd period - Slapshot by Ryan Russell.
18:18 of 2nd period - Goal by Ryan Russell - Influenza : 5 - Harfangs : 1.
18:19 of 2nd period - Boyd Gordon wins face-off versus Ryan Carter in neutral zone.
18:24 of 2nd period - Snap shot by James Wisniewski.
18:24 of 2nd period - Stopped by Brent Krahn with a rebound.
18:54 of 2nd period - Wrist shot by Ryan Vesce.
18:54 of 2nd period - Stopped by Jeremy Duchesne with a rebound.
19:08 of 2nd period - Slapshot by Stephane Da Costa.
19:08 of 2nd period - Stopped by Brent Krahn with a rebound.
19:20 of 2nd period - Minor Penalty to Luca Caputi for Tripping.
19:21 of 2nd period - Ryan Carter wins face-off versus Boyd Gordon in Harfangs zone.
19:22 of 2nd period - Snap shot by Jamie McBain.
19:22 of 2nd period - Shot Blocked by Brett Carson.
19:24 of 2nd period - Slapshot by Jamie McBain.
19:24 of 2nd period - Shot Blocked by Alexandre Picard.
19:26 of 2nd period - Slapshot by Jaime Sifers.
19:26 of 2nd period - Deflect By Ryan Carter.
19:26 of 2nd period - Goal by Ryan Carter - Influenza : 6 - Harfangs : 1.
19:27 of 2nd period - Boyd Gordon wins face-off versus Ryan Carter in neutral zone.
19:57 of 2nd period - Petri Kontiola is hit by Pierre-Cédric Labrie and loses puck.
Goals for this period are 5 for Influenza vs 1 for Harfangs.
Shots for this period are 19 for Influenza vs 13 for Harfangs.
3rd period
0:01 of 3rd period - Ryan Carter wins face-off versus Boyd Gordon in neutral zone.
0:27 of 3rd period - Icing by James Wisniewski.
0:28 of 3rd period - Petri Kontiola wins face-off versus Jeff Halpern in Harfangs zone.
0:28 of 3rd period - Petri Kontiola is hit by Ryan Vesce.
0:36 of 3rd period - 10 Minutes Game Misconduct Penalty to Sasha Pokulok is over.
0:49 of 3rd period - Minor Penalty to Pierre-Cédric Labrie for Holding.
0:50 of 3rd period - Ryan Carter wins face-off versus Boyd Gordon in Influenza zone.
0:59 of 3rd period - Wrist shot by Ryan Carter.
0:59 of 3rd period - Stopped by Jeremy Duchesne with a rebound.
1:15 of 3rd period - Jaime Sifers is hit by Dustin Jeffrey and loses puck.
2:24 of 3rd period - James Wisniewski is hit by Jimmy Bonneau and loses puck.
2:49 of 3rd period - Penalty to Pierre-Cédric Labrie is over, Pierre-Cédric Labrie is back on ice.
3:03 of 3rd period - Snap shot by Ben Smith.
3:03 of 3rd period - Shot Hit the Post.
3:05 of 3rd period - Slapshot by Jeff Petry.
3:05 of 3rd period - Shot Blocked by Alexandre Picard.
3:07 of 3rd period - Slapshot by Ben Smith.
3:07 of 3rd period - Deflect By Sasha Pokulok.
3:07 of 3rd period - Shot Misses the Net.
3:07 of 3rd period - Puck is out of play.
3:08 of 3rd period - Cody McCormick wins face-off versus Stephane Da Costa in Harfangs zone.
3:15 of 3rd period - Snap shot by Cody McCormick.
3:15 of 3rd period - Stopped by Jeremy Duchesne with a rebound.
3:17 of 3rd period - Wrist shot by Cody McCormick.
3:17 of 3rd period - Shot Blocked by Brett Carson.
3:19 of 3rd period - Wrist shot by Cody McCormick.
3:19 of 3rd period - Shot Misses the Net.
3:21 of 3rd period - Snap shot by Jeff Petry.
3:21 of 3rd period - Stopped by Jeremy Duchesne with a rebound.
3:23 of 3rd period - Slapshot by Jeff Petry.
3:23 of 3rd period - Shot Misses the Net.
4:24 of 3rd period - James Wisniewski is hit by Jamie McBain and loses puck.
4:31 of 3rd period - Slapshot by Jamie McBain.
4:31 of 3rd period - Deflect By Ryan Russell.
4:31 of 3rd period - Stopped by Jeremy Duchesne without a rebound.
4:32 of 3rd period - Ryan Carter wins face-off versus Petri Kontiola in Harfangs zone.
4:47 of 3rd period - Snap shot by Martins Karsums.
4:47 of 3rd period - Stopped by Jeremy Duchesne without a rebound.
4:48 of 3rd period - Jeff Halpern wins face-off versus Boyd Gordon in Harfangs zone.
4:51 of 3rd period - Wrist shot by Jamie McBain.
4:51 of 3rd period - Stopped by Jeremy Duchesne without a rebound.
4:52 of 3rd period - Stefan Ruzicka wins face-off versus Pierre-Cédric Labrie in Harfangs zone.
5:06 of 3rd period - Wrist shot by Boyd Gordon.
5:06 of 3rd period - Stopped by Brent Krahn without a rebound.
5:07 of 3rd period - Ryan Carter wins face-off versus Boyd Gordon in Influenza zone.
5:07 of 3rd period - Ryan Carter is hit by Peter Olvecky.
5:10 of 3rd period - Minor Penalty to Ryan Carter for Holding.
5:11 of 3rd period - Marek Zagrapan wins face-off versus Boyd Gordon in Influenza zone.
7:10 of 3rd period - Penalty to Ryan Carter is over, Ryan Carter is back on ice.
7:21 of 3rd period - Jeff Petry is hit by Roman Wick and loses puck.
7:38 of 3rd period - Minor Penalty to Jeff Petry for Interference.
7:39 of 3rd period - Petri Kontiola wins face-off versus Ryan Carter in Influenza zone.
7:40 of 3rd period - Wrist shot by Matt Keith.
7:40 of 3rd period - Goal by Matt Keith - Influenza : 6 - Harfangs : 2.
7:41 of 3rd period - Boyd Gordon wins face-off versus Ryan Carter in neutral zone.
7:44 of 3rd period - Peter Olvecky is hit by Martins Karsums and loses puck.
7:51 of 3rd period - Martins Karsums is hit by Sasha Pokulok.
7:57 of 3rd period - Snap shot by Stefan Ruzicka.
7:57 of 3rd period - Shot Misses the Net.
8:04 of 3rd period - Icing by Jamie McBain.
8:05 of 3rd period - Ryan Carter wins face-off versus Petri Kontiola in Influenza zone.
8:13 of 3rd period - Jeff Halpern beats up Matt Keith.
8:13 of 3rd period - Penalty to Matt Keith for Fighting.
8:13 of 3rd period - Penalty to Jeff Halpern for Fighting.
8:14 of 3rd period - Ryan Carter wins face-off versus Boyd Gordon in Harfangs zone.
9:22 of 3rd period - Alex Killorn is hit by Jamie McBain and loses puck.
9:43 of 3rd period - Slapshot by Boyd Gordon.
9:43 of 3rd period - Stopped by Brent Krahn with a rebound.
9:45 of 3rd period - Slapshot by Sasha Pokulok.
9:45 of 3rd period - Shot Misses the Net.
9:47 of 3rd period - Slapshot by Alexandre Picard.
9:47 of 3rd period - Shot Blocked by Jaime Sifers.
9:49 of 3rd period - Wrist shot by Michal Repik.
9:49 of 3rd period - Stopped by Brent Krahn with a rebound.
9:51 of 3rd period - Slapshot by Michal Repik.
9:51 of 3rd period - Stopped by Brent Krahn with a rebound.
9:53 of 3rd period - Snap shot by Alex Killorn.
9:53 of 3rd period - Shot Misses the Net.
9:55 of 3rd period - Snap shot by Michal Repik.
9:55 of 3rd period - Shot Misses the Net.
9:57 of 3rd period - Slapshot by Alex Killorn.
9:57 of 3rd period - Shot Misses the Net.
9:59 of 3rd period - Snap shot by Sasha Pokulok.
9:59 of 3rd period - Shot Blocked by Jaime Sifers.
10:01 of 3rd period - Slapshot by Sasha Pokulok.
10:01 of 3rd period - Shot Blocked by Jamie McBain.
10:03 of 3rd period - Slapshot by Sasha Pokulok.
10:03 of 3rd period - Deflect By Alex Killorn.
10:03 of 3rd period - Shot Misses the Net.
10:03 of 3rd period - Puck is out of play.
10:04 of 3rd period - Petri Kontiola wins face-off versus Ryan Carter in Influenza zone.
10:17 of 3rd period - Martins Karsums is hit by James Wisniewski and loses puck.
10:35 of 3rd period - Slapshot by Stephane Da Costa.
10:35 of 3rd period - Stopped by Brent Krahn with a rebound.
10:53 of 3rd period - Colin McDonald is hit by Andrew Orpik and loses puck.
11:16 of 3rd period - Snap shot by Pierre-Cédric Labrie.
11:16 of 3rd period - Stopped by Jeremy Duchesne without a rebound.
11:17 of 3rd period - Petri Kontiola wins face-off versus Ryan Carter in Harfangs zone.
11:17 of 3rd period - Petri Kontiola is hit by Jaime Sifers.
11:56 of 3rd period - Off-side.
11:57 of 3rd period - Stephane Da Costa wins face-off versus Ryan Carter in neutral zone.
12:47 of 3rd period - Snap shot by Marek Zagrapan.
12:47 of 3rd period - Deflect By Jimmy Bonneau.
12:47 of 3rd period - Shot Misses the Net.
12:47 of 3rd period - Puck is out of play.
12:48 of 3rd period - Boyd Gordon wins face-off versus Ryan Carter in Harfangs zone.
12:58 of 3rd period - Minor Penalty to Ryan Carter for Holding.
12:59 of 3rd period - Marek Zagrapan wins face-off versus Boyd Gordon in Influenza zone.
13:07 of 3rd period - Jaime Sifers is hit by Peter Olvecky and loses puck.
13:13 of 3rd period - Penalty to Jeff Halpern is over, Jeff Halpern is back on ice.
13:38 of 3rd period - Snap shot by Matt Keith.
13:38 of 3rd period - Shot Misses the Net.
14:48 of 3rd period - Petri Kontiola is hit by Jimmy Bonneau and loses puck.
14:58 of 3rd period - Penalty to Ryan Carter is over, Ryan Carter is back on ice.
15:09 of 3rd period - Wrist shot by Ryan Carter.
15:09 of 3rd period - Stopped by Jeremy Duchesne with a rebound.
16:18 of 3rd period - Minor Penalty to Luca Caputi for Interference.
16:19 of 3rd period - Boyd Gordon wins face-off versus Ryan Carter in Harfangs zone.
16:32 of 3rd period - Snap shot by Martins Karsums.
16:32 of 3rd period - Shot Blocked by Stefan Ruzicka.
16:34 of 3rd period - Snap shot by Jaime Sifers.
16:34 of 3rd period - Stopped by Jeremy Duchesne with a rebound.
16:43 of 3rd period - Minor Penalty to Ryan Vesce for Tripping.
16:44 of 3rd period - Ryan Carter wins face-off versus Boyd Gordon in Influenza zone.
17:24 of 3rd period - Cody McCormick is hit by James Wisniewski and loses puck.
17:43 of 3rd period - Jeff Halpern is hit by Roman Wick and loses puck.
18:18 of 3rd period - Penalty to Luca Caputi is over, Luca Caputi is back on ice.
18:25 of 3rd period - Icing by Stefan Ruzicka.
18:26 of 3rd period - Martins Karsums wins face-off versus Boyd Gordon in Harfangs zone.
18:27 of 3rd period - Slapshot by Jamie McBain.
18:27 of 3rd period - Deflect By Martins Karsums.
18:27 of 3rd period - Stopped by Jeremy Duchesne with a rebound.
18:37 of 3rd period - Jaime Sifers is hit by Stefan Ruzicka and loses puck.
18:43 of 3rd period - Penalty to Ryan Vesce is over, Ryan Vesce is back on ice.
18:44 of 3rd period - Slapshot by Janne Niskala.
18:44 of 3rd period - Stopped by Brent Krahn with a rebound.
18:46 of 3rd period - Slapshot by Janne Niskala.
18:46 of 3rd period - Deflect By Stefan Ruzicka.
18:46 of 3rd period - Goal by Stefan Ruzicka - Influenza : 6 - Harfangs : 3.
18:47 of 3rd period - Ryan Carter wins face-off versus Petri Kontiola in neutral zone.
19:12 of 3rd period - Jaime Sifers is hit by Roman Wick.
19:55 of 3rd period - Wrist shot by Stefan Ruzicka.
19:55 of 3rd period - Shot Misses the Net.
Goals for this period are 0 for Influenza vs 2 for Harfangs.
Shots for this period are 10 for Influenza vs 8 for Harfangs.
Output by the SimonT Hockey Simulator (STHS) for François Prévost -- Original Page W3C XHTML 1.0 Valid